 Dungeon Crawl Stone Soup version 0.28.0-53-g5a82cb258f (webtiles) character file.

Game seed: 16842223043965406531

70 gobodom the Grave Robber (level 4, -5/30 HPs)
             Began as a Demonspawn Necromancer on June 8, 2022.
             Slain by a worm (11 damage)
             ... on level 1 of the Dungeon.
             The game lasted 00:08:05 (1369 turns).

gobodom the Grave Robber (Demonspawn Necromancer)   Turns: 1369, Time: 00:08:05

Health: -5/30      AC:  2    Str:  6 (8)  XL:     4   Next: 3%
Magic:  0/7        EV: 12    Int: 16 (18) God:
Gold:   34         SH:  0    Dex: 13 (14) Spells: 6/7 levels left

rFire   . . .      SeeInvis .   c - +0 whip
rCold   . . .      Faith    .   (no shield)
rNeg    . . .      Spirit   .   a - +0 robe
rPois   .          Reflect  .   (no helmet)
rElec   .          Harm     .   (no cloak)
rCorr   .          Rampage  .   (no gloves)
Will    .....                   (no boots)
Stlth   ++........              (no amulet)
HPRegen 0.10/turn               (no ring)
MPRegen 0.10/turn               (no ring)

@: no status effects
A: foul stench 1, powered by death 1
a: no special abilities


You were on level 1 of the Dungeon.
You visited 1 branch of the dungeon, and saw 2 of its levels.

You collected 34 gold pieces.

Inventory:

Hand Weapons
 c - a +0 whip (weapon)
Missiles
 f - 4 poisoned darts (quivered)
Armour
 a - a +0 robe (worn)
Scrolls
 b - a scroll of acquirement {unknown}
 e - a scroll of brand weapon {unknown}
 i - a scroll of teleportation {unknown}
Potions
 d - a potion of degeneration
 h - a potion of mutation {unknown}


   Skills:
 + Level 0.3 Maces & Flails
 + Level 2.1 Dodging
 + Level 2.3 Stealth
 + Level 2.3 Spellcasting
 + Level 5.4 Necromancy


You had 6 spell levels left.
You knew the following spells:

 Your Spells              Type           Power      Damage    Failure   Level
a - Pain                  Necr           76%        1d7       2%          1

Your spell library contained the following spells:

 Spells                   Type           Power      Damage    Failure   Level
 Animate Skeleton         Necr           38%        N/A       2%          1
 Vampiric Draining        Necr           19%        2d7       7%          3
 Animate Dead             Necr           9%         N/A       22%         4
 Agony                    Necr           19%        N/A       52%         5


Dungeon Overview and Level Annotations

Branches:
Dungeon (2/15)

Altars:


Innate Abilities, Weirdness & Mutations

You may rarely emit foul miasma when damaged in melee.
You regenerate a little health from kills.


Message History

* * * LOW HITPOINT WARNING * * *
It was a potion of degeneration.
There was something very wrong with that liquid.
You feel weakened.
You feel dopey.
You feel clumsy. The rat misses you.
It was a potion of curing.
You feel better. The rat bites you.
Casting: Pain (safe; 2% risk of failure)
Confirm with . or Enter, or press ? or * to list all spells.
Aiming: Pain (safe; 2% risk of failure)
Press: ? - help, Shift-Dir - straight line, f/p - rat
Aim: a rat (moderately wounded, chance to affect: 89%)
The rat writhes in agony!
You kill the rat!
Casting: Pain (safe; 2% risk of failure)
Confirm with . or Enter, or press ? or * to list all spells.
You don't have enough magic to cast this spell.
You see here a +0 dagger.
Casting: Pain (safe; 2% risk of failure)
Confirm with . or Enter, or press ? or * to list all spells.
You don't know that spell.
Casting: Pain (safe; 2% risk of failure)
Confirm with . or Enter, or press ? or * to list all spells.
Aiming: Pain (safe; 2% risk of failure)
Press: ? - help, Shift-Dir - straight line, f - worm
Aim: a worm (chance to affect: 84%)
The worm writhes in agony!
You see here a +0 dagger.
You hit the worm but do no damage.
The worm is moderately wounded.
The worm bites you.
* * * LOW HITPOINT WARNING * * *
You hit the worm.
The worm is moderately wounded.
The worm barely misses you.
You hit the worm.
The worm is heavily wounded.
You hit the worm.
The worm is severely wounded.
The worm bites you!
You die...

#################
#...#...........# #####
#...#...........# #...#
#...#...........# #...##
##...#...........#####.....
#######.........)...[............
.....##....#...........#####†....
.###.##.################ #.....
.# #.......†...w@)..# ####..
.######.############# #..
.#...........########## ###
##.####....#...#......###########
#.....>.........................
#######†..#...#......##.........
########.###...#......##.........
...........#####......##.........
...........# #....>.##.........


You could see a worm.

Vanquished Creatures
  Jessica (D:2)
  An adder (D:1)
  A dart slug (D:1)
  3 endoplasms (D:1)
  2 giant cockroaches (D:1)
  4 goblins (D:1)
  2 hobgoblins (D:1)
  A quokka (D:1)
  A ball python (D:1)
  7 bats (D:1)
  A frilled lizard (D:1)
  4 kobolds (D:1)
  6 rats (D:1)
34 creatures vanquished.

Notes
Turn   | Place    | Note
-------+----------+-------------------------------------------
     0 | D:1      | gobodom the Demonspawn Necromancer began the quest for the
                  | Orb.
     0 | D:1      | Reached XP level 1. HP: 13/13 MP: 3/3
   403 | D:1      | Gained mutation: You regenerate a little health from kills.
                  | [demonic ancestry]
   403 | D:1      | Reached XP level 2. HP: 16/19 MP: 1/5
   758 | D:1      | Reached skill level 5 in Necromancy
   977 | D:1      | Gained mutation: You may rarely emit foul miasma when
                  | damaged in melee. [demonic ancestry]
   977 | D:1      | Reached XP level 3. HP: 21/24 MP: 0/6
  1197 | D:2      | Noticed Jessica
  1337 | D:2      | Killed Jessica
  1338 | D:2      | Reached XP level 4. HP: 20/30 MP: 2/7
  1369 | D:1      | Slain by a worm

Illustrated notes

Levels and vault maps discovered:
D:1:      psy_arrival_fountain, layout_basic, due_unseen_surprise
D:2:      layout_basic, ebering_ecumenical_altar_sacrificial,
          serial_bayou_pond_a, lemuel_old_faithful, uniq_crazy_yiuf_cottage,
          uniq_jessica

Skill      XL: |  1  2 |
---------------+-------+-----
Dodging        | 2 |  2.1
Stealth        | 2 |  2.3
Necromancy     | 5 |  5.4
Maces & Flails | |  0.3
Spellcasting   | |  2.3

Action                   |  1- 3 |  4- 6 || total
-------------------------+-------+-------++-------
Melee: Whip              |    45 |     4 ||    49
       Unarmed           |     9 |       ||     9
       Punch             |     1 |       ||     1
 Cast: Pain              |    49 |     5 ||    54
  Use: Potion            |       |     2 ||     2
Armor: Robe              |    13 |       ||    13
Dodge: Dodged            |    52 |     6 ||    58
